 Dungeon Crawl Stone Soup version 0.24.0-1-gfbc8707122 (webtiles) character file.

Game seed: 17682315106164596639, levelgen mode: deterministic

24 Aviak the Insei (level 3, -3/20 HPs)
             Began as an Octopode Transmuter on Oct 27, 2019.
             Slain by Terence
             ... wielding a +4 flail of holy wrath
              (7 damage)
             ... on level 2 of the Dungeon.
             The game lasted 00:01:13 (931 turns).

Aviak the Insei (Octopode Transmuter)                Turns: 931, Time: 00:01:13

Health: -3/20      AC:  1    Str: 14    XL:     3   Next: 2%
Magic:  6/6        EV: 13    Int: 15    God:
Gold:   8          SH:  0    Dex: 13    Spells: 5/6 levels left

rFire    . . .     SeeInvis .     - Unarmed
rCold    . . .     Gourm    .   (no shield)
rNeg     . . .     Faith    .   (helmet restricted)
rPois    .         Spirit   .   (no amulet)
rElec    .         Reflect  .   (no ring)
rCorr    .         Harm     .   (no ring)
MR       .....     Clarity  +   (no ring)
Stlth    ++........             (no ring)
HPRegen  0.06/turn              (no ring)
MPRegen  0.10/turn              (no ring)
                                (no ring)
                                (no ring)

@: mighty
A: almost no armour, stealthy swim, amphibious, 8 rings, constrict 8, camouflage
1, clarity, frail 1, gelatinous body 1
a: no special abilities


You were on level 2 of the Dungeon.
You were not hungry.

You visited 1 branch of the dungeon, and saw 2 of its levels.

You collected 8 gold pieces.

Inventory:

Missiles
 a - 39 arrows
Scrolls
 b - a scroll of enchant weapon
Potions
 e - a potion of mutation {!q}
 f - a potion of ambrosia {unknown}
Comestibles
 c - 2 rations


   Skills:
 + Level 1.4 Fighting
 + Level 2.3 Dodging
 + Level 3.2 Unarmed Combat
 + Level 2.2 Spellcasting
 + Level 2.3 Transmutations


You had 5 spell levels left.
You knew the following spells:

 Your Spells              Type           Power        Failure   Level  Hunger
a - Beastly Appendage     Tmut           #.....       9%          1    #......

Your spell library contained the following spells:

 Spells                   Type           Power        Failure   Level  Hunger
 Sticks to Snakes         Tmut           #.......     13%         2    ###....
 Spider Form              Tmut/Pois      #.........   38%         3    ###....
 Ice Form                 Ice/Tmut       #.......     80%         4    #####..
 Blade Hands              Tmut           #.........   93%         5    ######.


Dungeon Overview and Level Annotations

Branches:
Dungeon (2/15)

Altars:
Wu Jian

Annotations:
D:2 Terence


Innate Abilities, Weirdness & Mutations

You cannot wear most types of armour.
You are very stealthy in the water. (Stealth+)
You are amphibious.
You can wear up to eight rings at the same time.
You can use your tentacles to constrict eight enemies at once.
Your skin changes colour to match your surroundings (Stealth+).
Your rubbery body absorbs attacks. (AC +1, EV +1)
You possess an exceptional clarity of mind.
You are frail. (-10% HP)


Message History

You feel agile.
Terence hits you with a +4 flail of holy wrath.
You see here a stone.
You aren't carrying any items that you can evoke.
It was a potion of might.
You feel very mighty all of a sudden.
Terence hits you with a +4 flail of holy wrath.
It was a potion of mutation.
You feel extremely strange.
You feel clumsy.
You feel agile.
You feel frail.
Your thoughts seem clearer.
Terence hits you with a +4 flail of holy wrath!
* * * LOW HITPOINT WARNING * * *
Terence looks scornfully at you.
Found a stone staircase leading down.
A bat comes into view.
You aren't carrying any items that you can evoke.
As you read the scroll labeled HUZYORIQUC, it crumbles to dust.
It is a scroll of enchant weapon.
You aren't carrying any weapons that can be enchanted.
Terence hits you with a +4 flail of holy wrath!
You die...

#. #.. #.# #.#
##############.###########
............##.##........#
###########.##.##@######.#
#####.##..@..#.....###.#
#........##..#.##......#
#......†..#..#.##.###..#
#.........#....##.# ..#
#.........#.#####.###..#
#.........#............#
#.........#######......#
#....................#.####
#........#######..........#


You could see Terence.

Vanquished Creatures
  A leopard gecko (D:1)
  4 bats
  2 giant cockroaches (D:1)
  3 goblins (D:1)
  2 hobgoblins
  A quokka (D:2)
  A frilled lizard (D:2)
  4 kobolds
  A rat (D:1)
19 creatures vanquished.

Notes
Turn   | Place    | Note
-------+----------+-------------------------------------------
     0 | D:1      | Aviak the Octopode Transmuter began the quest for the Orb.
     0 | D:1      | Reached XP level 1. HP: 13/13 MP: 3/3
   153 | D:1      | Reached XP level 2. HP: 16/18 MP: 3/5
   864 | D:2      | Found an ornate altar of the Wu Jian Council.
   865 | D:2      | Noticed Terence
   871 | D:2      | Reached XP level 3. HP: 17/23 MP: 6/6
   878 | D:2      | Gained mutation: You are clumsy. (Dex -2) [potion of
                  | mutation]
   878 | D:2      | Lost mutation: You are clumsy. (Dex -2) [potion of
                  | mutation]
   878 | D:2      | Gained mutation: You are frail. (-10% HP) [potion of
                  | mutation]
   878 | D:2      | Gained mutation: You possess an exceptional clarity of
                  | mind. [potion of mutation]
   878 | D:2      | HP: 1/20 [Terence/+4 flail of holy wrath (8)]
   931 | D:2      | Slain by Terence

Levels and vault maps discovered:
D:1:      grunt_arrival_crossed_arrows, layout_basic
D:2:      layout_basic, old_standard_altar, serial_glass, glass_columns_c,
          glass_columns_b, minmay_strange_pillars, item_on_display_a,
          feat_on_display, chequers_serial_rivers_micro_e, uniq_terence,
          uniq_jessica, uniq_natasha

Action                   || total
-------------------------++-------
Melee: Unarmed           ||    50
       Constrict         ||    15
       Kick              ||     2
       Tentacles         ||    10
       Punch             ||     2
 Cast: Beastly Appendage ||     3
  Use: Potion            ||     2
       Scroll            ||     1
 Stab: Sleeping          ||     2
Armor: Skin              ||     3
Dodge: Dodged            ||    34
